 Dungeon Crawl Stone Soup version 0.29-a0-322-g68df515428 (webtiles) character file.

Game seed: 5305775348455199226

219468 dianekeaton the Slayer (level 18, -4/184 HPs)
             Began as a Minotaur Fighter on Apr 7, 2022.
             Was the Champion of Okawaru.
             Killed from afar by a nagaraja (14 damage)
             ... with a poison arrow
             ... on level 4 of the Snake Pit on Apr 8, 2022.
             The game lasted 04:43:14 (58752 turns).

dianekeaton the Slayer (Minotaur Fighter)          Turns: 58752, Time: 04:43:15

Health: -4/184     AC: 37    Str: 26    XL:     18   Next: 82%
Magic:  17/17      EV: 13    Int:  5    God:    Okawaru [******]
Gold:   2703       SH: 11    Dex: 16    Spells: 14/17 levels left

rFire   + + .      SeeInvis .   d - +11 mace "Wibloram" {vorpal, rElec rPois Str-2}
rCold   . . .      Faith    +   c - +3 buckler
rNeg    . . .      Spirit   .   U - +7 plate armour of Misanthropy {rF+ Str+5}
rPois   +          Reflect  .   Z - +2 hat
rElec   +          Harm     .   y - +2 cloak {rCorr}
rCorr   +          Rampage  .   Y - +0 pair of gloves of the Mackerel {rElec rPois rF- Slay+6}
Will    +....                   p - +2 pair of boots
Stlth   ..........              E - amulet of faith
HPRegen 0.40/turn               T - ring of protection from fire
MPRegen 0.15/turn               q - ring of protection from fire

@: lethally poisoned (-4 -> -15), hasted (expiring), very quick
A: horns 2, retaliatory headbutt
a: Renounce Religion, Heroism, Finesse, Duel


You were on level 4 of the Snake Pit.
You worshipped Okawaru.
Okawaru was exalted by your worship.
You visited 7 branches of the dungeon, and saw 34 of its levels.
You visited the Abyss 1 time.
You visited 1 bazaar.

You collected 3177 gold pieces.
You spent 474 gold pieces at shops.

Inventory:

Hand Weapons
 d - the +11 mace "Wibloram" (weapon) {vorpal, rElec rPois Str-2}
   (Okawaru gifted it to you on level 1 of the Elven Halls)

   It inflicts extra damage upon your enemies.
   Str:       It affects your strength (-2).
   rElec:     It insulates you from electricity.
   rPois:     It protects you from poison.
 i - a +7 spectral mace
 x - a +2 quarterstaff of chaos
Missiles
 f - 25 boomerangs (quivered)
 G - 29 poisoned darts
Armour
 c - a +3 buckler (worn)
 p - a +2 pair of boots (worn)
 y - a +2 cloak of preservation (worn)
 F - a +1 pair of gloves
 U - the +7 plate armour of Misanthropy (worn) {rF+ Str+5}
   (Okawaru gifted it to you on level 2 of the Orcish Mines)

   Str:       It affects your strength (+5).
   rF:        It protects you from fire.
 Y - the +0 pair of gloves of the Mackerel (worn) {rElec rPois rF- Slay+6}
   (Okawaru gifted it to you on level 5 of the Lair of Beasts)

   Slay:      It affects your accuracy & damage with ranged weapons and melee
   (+6).
   rF:        It makes you vulnerable to fire.
   rElec:     It insulates you from electricity.
   rPois:     It protects you from poison.
 Z - a +2 hat (worn)
Jewellery
 m - an amulet of magic regeneration
 o - a ring of poison resistance
 q - a ring of protection from fire (right hand)
 E - an amulet of faith (around neck)
 M - a +6 ring of dexterity
 O - a +4 ring of evasion
 Q - a ring of positive energy
 S - an amulet of reflection
 T - a ring of protection from fire (left hand)
Wands
 v - a wand of flame (4)
 z - a wand of acid (5)
 R - a wand of polymorph (17)
 W - a wand of mindburst (9)
 X - a wand of paralysis (17)
Scrolls
 b - 3 scrolls of magic mapping
 h - 4 scrolls of fear
 s - 4 scrolls of holy word
 B - a scroll of brand weapon
 C - a scroll of enchant armour
 D - 3 scrolls of vulnerability
 I - 3 scrolls of noise
 J - 4 scrolls of fog
 K - 8 scrolls of immolation
 L - 3 scrolls of silence
 N - 5 scrolls of amnesia
 V - 12 scrolls of identify
Potions
 e - 5 potions of flight
 g - 5 potions of curing
 j - 9 potions of lignification
 k - 4 potions of brilliance
 r - 2 potions of berserk rage
 t - 3 potions of haste
 u - a potion of resistance
 w - 5 potions of cancellation
 A - a potion of invisibility
 H - 4 potions of ambrosia
 P - 9 potions of attraction


   Skills:
 * Level 21.9 Fighting
 - Level 17.2 Maces & Flails
 - Level 12.4 Throwing
 + Level 19.8 Armour
 * Level 11.2 Dodging
 + Level 15.6 Shields
 + Level 0.3 Invocations
 - Level 2.5 Evocations


You had 14 spell levels left.
You knew the following spells:

 Your Spells              Type           Power      Damage    Failure   Level
a - Stone Arrow           Conj/Erth      0%         3d7       100%        3

Your spell library contained the following spells:

 Spells                   Type           Power      Damage    Failure   Level
 Apportation              Tloc           0%         N/A       97%         1
 Blink                    Tloc           0%         N/A       99%         2
 Corpse Rot               Necr/Air       0%         N/A       99%         2
 Ensorcelled Hibernation  Hex/Ice        0%         N/A       99%         2
 Poisonous Vapours        Pois/Air       0%         N/A       99%         2
 Static Discharge         Conj/Air       0%         N/A       99%         2
 Gell's Gravitas          Tloc           0%         N/A       100%        3
 Ozocubu's Armour         Ice            0%         N/A       100%        3
 Portal Projectile        Hex/Tloc       0%         N/A       100%        3
 Spider Form              Tmut/Pois      0%         N/A       100%        3
 Teleport Other           Tloc           0%         N/A       100%        3
 Anguish                  Hex/Necr       0%         N/A       100%        4
 Hailstorm                Conj/Ice       0%         3d3       100%        4
 Ice Form                 Ice/Tmut       0%         N/A       100%        4
 Iskenderun's Mystic Bla  Conj/Tloc      0%         2d3       100%        4
 Leda's Liquefaction      Hex/Erth       0%         N/A       100%        4
 Passage of Golubria      Tloc           0%         N/A       100%        4
 Blade Hands              Tmut           0%         N/A       100%        5
 Manifold Assault         Tloc           0%         N/A       100%        5
 Metabolic Englaciation   Hex/Ice        0%         N/A       100%        5
 Dispersal                Tloc           0%         N/A       100%        6
 Iron Shot                Conj/Erth      0%         9d1       100%        6
 Storm Form               Tmut/Air       0%         N/A       100%        7
 Lehudib's Crystal Spear  Conj/Erth      0%         10d2      100%        8
 Chain Lightning          Conj/Air       0%         N/A       100%        9
 Animate Skeleton         Necr           Unusable   N/A       N/A         1
 Summon Small Mammal      Summ           Unusable   N/A       N/A         1
 Tukima's Dance           Hex            Unusable   N/A       N/A         3
 Animate Armour           Summ/Erth      Unusable   N/A       N/A         4
 Simulacrum               Ice/Necr       Unusable   N/A       N/A         6

Dungeon Overview and Level Annotations

Branches:
Dungeon (15/15)            Temple (1/1) D:6            Lair (6/6) D:10
 Shoals (4/4) Lair:3        Snake (4/4) Lair:2        Slime (0/5) Lair:5
    Orc (2/2) D:10            Elf (2/3) Orc:2        Vaults (0/5) D:13
 Depths (0/4) D:15

Altars:
Kikubaaqudgha
Makhleb
Nemelex Xobeh
Okawaru
Trog
Uskayaw
Wu Jian
Xom
Jiyva

Shops:
D:7 !   D:10 *   Orc:2 :*((:   Elf:1 [   Snake:4 *![

Annotations:
D:15 3 runed translucent doors, Egithrirag's ghost, journeyman HOFi
Lair:3 exclusion: oklob plant
Shoals:4 Ilsuiw


Innate Abilities, Weirdness & Mutations

You have a pair of horns on your head.
You reflexively headbutt those who attack you in melee.


Message History

The nagaraja hits you but does no damage.
The naga mage spits poison at you.
The splash of poison hits you but does no damage.
You resist. The naga mage constricts you.
Okay, then.
You feel much better.
The quicksilver dragon barely misses you.
You furiously retaliate!
You headbutt the quicksilver dragon!
You kill the quicksilver dragon!
Okawaru accepts your kill. Okawaru grants you armour!
Something appears at your feet!
You see here the +1 scale mail "Joestaih" {rCorr Dex+9}.
You block the guardian serpent's attack.
The naga sharpshooter mumbles some strange words.
The naga sharpshooter magically shoots an arrow.
You block the arrow.
The quicksilver dragon bites you but does no damage.
The quicksilver dragon closely misses you.
The nagaraja hits you but does no damage.
The naga mage barely misses you. The naga mage constricts you.
The nagaraja points at you and mumbles some strange words.
The bolt of poison hits you but does no damage.
You resist.
You escape the naga mage's grasp.
The salamander tyrant no longer looks unusually strong.
You block the salamander tyrant's attack.
You block the guardian serpent's attack.
The nagaraja gestures at you while chanting.
The bolt of poison hits you! You resist.
* * * LOW HITPOINT WARNING * * *
The quicksilver dragon breathes dispelling energy at you.
The bolt of dispelling energy hits you!
Your magical effects are unravelling.
* * * LOW HITPOINT WARNING * * *
The nagaraja casts a spell at you. The poison arrow hits you!
You are lethally poisoned!
You partially resist.
You die...

#...#..# #...............#.###..
..###..####.....##..8...8.#.....#
##............#######...#######..
##............#* ##...## #..
##.............#####.....#****#..
##.........#####..##.....##..*#.#
##.........####.......⌠......,###
.#........##.......8[....8...,,,,
....##.####...#N@N.#.....#...,*,,
..###*.# #..###[S###...###..***,
..# *.# ##..##NND# ##+## *..,**,
.## *.# #.†.##.S.#**,,,***,,,**,
.# *.###..####.##*,,,,,***,****
## *.##....#..N##*,,8,,***,,,*,
*##..........##*,,,***,,,,,,
#..).##+##...#**+***,,,**+*
#...##,,,##N.#*,,,**,,**,,,


You could see a quicksilver dragon, 2 nagarajas, a naga sharpshooter (strong,
curare), a salamander tyrant, 2 guardian serpents and a naga mage (fast,
catching breath).

Vanquished Creatures
  Vashnia (Snake:2)
  Saint Roka (Snake:2)
  Nikola (Snake:2)
  Jorgrun (Snake:3)
  Mlioglotl (Snake:2)
  A deep elf blademaster (Elf:2)
  A quicksilver dragon (Snake:4)
  Frances (Snake:1)
  Kirke (Snake:2)
  A nagaraja (Snake:4)
  A fenstrider witch (Shoals:2)
  Aizul (Snake:1)
  Louise (Snake:3)
  A deep elf sorcerer (Elf:1)
  3 stone giants
  2 deep elf annihilators
  Azrael (Elf:1)
  Nessos (D:15)
  The ghost of Veysay the Thaumaturge, a journeyman DjWz of Dithmenos (Lair:3)
  Snorg (Lair:4)
  3 merfolk javelineers
  Josephine (D:13)
  6 merfolk impalers
  9 naga warriors
  A salamander tyrant (Snake:4)
  3 vault guards (D:13)
  3 catoblepae
  3 boulder beetles
  6 centaur warriors
  2 death knights
  7 hydras
  6 anacondas
  3 merfolk avatars
  9 merfolk aquamancers
  An ogre mage (D:14)
  6 two-headed ogres
  2 alligator snapping turtles
  4 death yaks
  3 satyrs (Shoals:3)
  19 dancing weapons
  Urug (Lair:1)
  The ghost of Gainor the Martial Artist, a novice HuMo of Wu Jian (Lair:1)
  4 orc high priests (Orc:2)
  19 naga sharpshooters
  3 shock serpents
  7 deep elf knights
  2 skeletal warriors (D:14)
  A salamander mystic (Snake:3)
  A wretched star (Abyss:3)
  11 sea snakes
  A sixfirhy (Abyss:3)
  3 wizards
  2 naga ritualists
  A phantasmal warrior (D:13)
  2 deep elf archers
  4 orc knights
  Pikel (D:6)
  12 harpies
  23 deep elf pyromancers
  13 deep elf zephyrmancers
  10 cyclopes
  8 salamanders
  A wolf spider (Lair:5)
  18 manticores
  2 orc sorcerers (Orc:2)
  10 ugly things
  8 mana vipers
  9 fauns
  17 slime creatures
  37 black mambas
  10 naga magi
  6 merfolk sirens
  2 guardian serpents
  5 water nymphs
  Maggie (D:6)
  10 elephants
  12 cane toads
  11 komodo dragons
  An unseen horror (D:11)
  A rime drake (Lair:4)
  2 freezing wraiths (D:14)
  A yaktaur (D:13)
  11 trolls
  A tengu conjurer (D:13)
  38 merfolk
  5 wind drakes
  3 hornets
  31 blink frogs
  5 polar bears
  5 dream sheep (Shoals:4)
  14 snapping turtles
  A centaur simulacrum (D:15)
  A shadow (D:11)
  16 water elementals
  An air elemental (Elf:1)
  A jumping spider (shapeshifter) (Elf:1)
  67 yaks
  5 vampires
  2 humans (Snake:2)
  5 fire elementals
  19 wyverns
  6 wraiths
  3 hogs (Snake:2)
  3 steam dragons
  3 redbacks (Lair:6)
  A chaos spawn (Abyss:3)
  4 basilisks
  10 vampire mosquitoes
  Menkaure (D:4)
  5 wargs
  Edmund (D:5)
  3 acid dragons
  19 nagas
  36 water moccasins
  Duvessa (D:5)
  A hell hound (Elf:1)
  A swamp drake (D:10)
  A sky beast (D:7)
  41 orc warriors
  4 black bears
  An ice beast (D:5)
  2 lemures (D:6)
  17 wolves
  7 ogres
  A phantom (D:7)
  5 centaurs
  2 kobold brigands
  2 necrophages (D:5)
  12 bullfrogs
  2 gnoll sergeants
  2 scorpions
  4 earth elementals
  4 wights (D:8)
  Dowan (D:5)
  A killer bee (D:8)
  2 howler monkeys
  3 electric eels
  A jelly (D:6)
  Crazy Yiuf (D:5)
  26 orc priests
  2 gnoll shamans
  3 hounds
  2 iguanas
  4 hell rats (Lair:3)
  32 orc wizards
  16 gnolls
  10 adders
  6 river rats (Lair:3)
  3 worms
  2 dart slugs
  66 orcs
  7 ball pythons
  4 bats
  5 endoplasms
  2 giant cockroaches
  7 goblins
  9 hobgoblins
  12 jackals
  13 kobolds
  3 quokkas
  3 frilled lizards
  12 rats
1108 creatures vanquished.

Vanquished Creatures (others)
  A black mamba (Snake:4)
  A naga (Snake:3)
  An orc (D:10)
  26 bushes (Lair:4)
  27 fungi
  157 plants
213 creatures vanquished.

Grand Total: 1321 creatures vanquished

Notes
Turn   | Place    | Note
-------+----------+-------------------------------------------
     0 | D:1      | dianekeaton the Minotaur Fighter began the quest for the
                  | Orb.
     0 | D:1      | Reached XP level 1. HP: 19/19 MP: 0/0
   213 | D:1      | Reached XP level 2. HP: 24/26 MP: 1/1
   961 | D:2      | Reached XP level 3. HP: 31/31 MP: 2/2
  1089 | D:2      | Reached skill level 5 in Maces & Flails
  1233 | D:2      | Reached XP level 4. HP: 35/39 MP: 3/3
  2311 | D:2      | Reached XP level 5. HP: 15/45 MP: 4/4
  3103 | D:4      | Noticed a black bear
  3426 | D:4      | Learned a level 3 spell: Stone Arrow
  3509 | D:4      | Reached XP level 6. HP: 51/51 MP: 5/5
  3548 | D:4      | Reached skill level 1 in Throwing
  3781 | D:5      | Entered Level 5 of the Dungeon
  3781 | D:5      | Noticed Menkaure
  3787 | D:5      | Noticed Duvessa
  3787 | D:5      | Noticed Dowan
  3795 | D:4      | Killed Menkaure
  3884 | D:5      | Noticed Edmund
  3892 | D:5      | Killed Edmund
  3893 | D:5      | Reached XP level 7. HP: 43/57 MP: 6/6
  3921 | D:6      | Noticed Maggie
  3959 | D:6      | Reached skill level 10 in Maces & Flails
  4419 | D:7      | Reached XP level 8. HP: 61/64 MP: 7/7
  4814 | D:7      | Reached skill level 4 in Fighting
  4833 | D:7      | Found an ornate altar of the Wu Jian Council.
  4942 | D:7      | Found Xiamoyge's Distillery.
  4953 | D:7      | Bought a potion of curing for 48 gold pieces
  5517 | D:6      | Noticed Pikel
  5549 | D:6      | Killed Pikel
  5550 | D:6      | Reached skill level 5 in Fighting
  5550 | D:6      | Reached skill level 5 in Armour
  5550 | D:6      | Reached XP level 9. HP: 44/74 MP: 8/8
  5599 | D:6      | Killed Maggie
  6185 | D:6      | Found a staircase to the Ecumenical Temple.
  6202 | Temple   | Entered the Ecumenical Temple
  6255 | Temple   | Became a worshipper of Warmaster Okawaru
  7018 | D:5      | Reached skill level 6 in Fighting
  7045 | D:5      | Killed Duvessa
  7046 | D:5      | Reached skill level 1 in Evocations
  7050 | D:5      | Killed Dowan
  7353 | D:5      | Found a runed translucent door.
  7354 | D:5      | Noticed Crazy Yiuf
  7362 | D:5      | Killed Crazy Yiuf
  7848 | D:8      | Reached * piety under Okawaru
  7867 | D:8      | Reached skill level 7 in Fighting
  7867 | D:8      | Reached XP level 10. HP: 70/86 MP: 9/9
  8256 | D:8      | Reached ** piety under Okawaru
  8975 | D:9      | Reached skill level 8 in Fighting
  8975 | D:9      | Reached skill level 5 in Shields
  9381 | D:9      | Noticed a catoblepas
  9459 | D:8      | Noticed a green ugly thing
  9477 | D:8      | Killed a green ugly thing
  9477 | D:8      | Reached *** piety under Okawaru
 10244 | D:10     | Entered Level 10 of the Dungeon
 10279 | D:10     | Reached skill level 9 in Fighting
 10505 | D:10     | Reached skill level 10 in Armour
 10508 | D:10     | Reached **** piety under Okawaru
 10546 | D:10     | Reached XP level 11. HP: 89/97 MP: 10/10
 10631 | D:10     | Found a staircase to the Orcish Mines.
 10895 | D:10     | Found Sayphiwk's Overcharged Wands.
 11033 | D:10     | Found a staircase to the Lair.
 11045 | D:10     | Reached ***** piety under Okawaru
 11601 | D:10     | Reached skill level 10 in Fighting
 12349 | D:9      | Killed a catoblepas
 12655 | Lair:1   | Entered Level 1 of the Lair of Beasts
 13271 | D:10     | Reached skill level 11 in Fighting
 13282 | D:10     | Reached ****** piety under Okawaru
 13508 | D:10     | Received a gift from Okawaru
 13813 | D:10     | Reached skill level 5 in Throwing
 14128 | Lair:1   | Reached XP level 12. HP: 103/110 MP: 11/11
 14398 | Lair:1   | Received a gift from Okawaru
 14576 | Lair:1   | Reached skill level 12 in Fighting
 14678 | Lair:1   | Noticed Urug
 14687 | Lair:1   | Killed Urug
 15173 | Lair:1   | Found a large runed translucent door.
 15173 | Lair:1   | Found a large runed translucent door.
 15178 | Lair:1   | Noticed Gainor's ghost (novice HuMo)
 15922 | Lair:2   | Found a staircase to the Snake Pit.
 16013 | Lair:2   | Received a gift from Okawaru
 17316 | Lair:3   | Found a large runed translucent door.
 17316 | Lair:3   | Found a large runed translucent door.
 17336 | Lair:3   | Noticed Veysay's ghost (journeyman DjWz)
 17409 | Lair:2   | Received a gift from Okawaru
 18665 | Lair:3   | Found a staircase to the Shoals.
 18672 | Lair:3   | Reached skill level 13 in Fighting
 19006 | Lair:3   | Received a gift from Okawaru
 19313 | Lair:4   | Noticed a death yak
 19544 | Lair:4   | Noticed an eight-headed hydra
 19551 | Lair:4   | Killed an eight-headed hydra
 19552 | Lair:4   | Reached XP level 13. HP: 105/122 MP: 12/12
 19780 | Lair:4   | Noticed Snorg
 19804 | Lair:4   | Killed Snorg
 20100 | Lair:4   | Received a gift from Okawaru
 22615 | Lair:4   | Reached skill level 14 in Fighting
 22624 | Lair:5   | Reached skill level 15 in Armour
 22668 | Lair:5   | Found a staircase to the Slime Pits.
 23263 | Lair:5   | Identified the +0 pair of gloves of the Mackerel {rElec
                  | rPois rF- Slay+6} (Okawaru gifted it to you on level 5 of
                  | the Lair of Beasts)
 23263 | Lair:5   | Received a gift from Okawaru
 23398 | Lair:6   | Entered Level 6 of the Lair of Beasts
 23647 | Lair:5   | Reached skill level 15 in Maces & Flails
 24436 | Lair:5   | Reached XP level 14. HP: 88/133 MP: 13/13
 24636 | Lair:6   | Received a gift from Okawaru
 24769 | Lair:5   | Reached skill level 15 in Fighting
 24869 | Lair:5   | Reached skill level 1 in Dodging
 25339 | Lair:6   | Received a gift from Okawaru
 27178 | Orc:1    | Entered Level 1 of the Orcish Mines
 27322 | Orc:1    | Received a gift from Okawaru
 27921 | Orc:2    | Entered Level 2 of the Orcish Mines
 28355 | Orc:2    | Received a gift from Okawaru
 28629 | Orc:2    | Found a staircase to the Elven Halls.
 28682 | Orc:2    | Found Boboruwk's Book Emporium.
 29709 | Orc:2    | Identified the +7 plate armour of Misanthropy {rF+ Str+5}
                  | (Okawaru gifted it to you on level 2 of the Orcish Mines)
 29709 | Orc:2    | Received a gift from Okawaru
 29754 | Orc:2    | Found Uluff's General Store.
 29756 | Orc:2    | Found Buuc's Weapon Boutique.
 29760 | Orc:2    | Found Cuesao Tyaf's Book Shop.
 29763 | Orc:2    | Found Alaekh's Antique Weapon Shop.
 29982 | Orc:2    | Reached skill level 10 in Throwing
 30453 | Orc:2    | Reached skill level 16 in Fighting
 31705 | D:11     | Got Ts'ui Pên's Handbook of Forking Paths
 31718 | D:11     | Got Sogahynn's Compendium of Combed Thunderclap
 32170 | D:12     | Found a sparkling altar of Nemelex Xobeh.
 32537 | D:12     | Received a gift from Okawaru
 32579 | D:12     | Reached XP level 15. HP: 129/145 MP: 14/14
 32885 | D:13     | Noticed Josephine
 32892 | D:12     | Received a gift from Okawaru
 32904 | D:12     | Reached skill level 10 in Shields
 33134 | D:13     | Killed Josephine
 33454 | D:13     | Found the +10 tower shield of Ignorance {rN+ Int-4}
 33786 | D:13     | Found a gate to the Vaults.
 33791 | D:13     | Received a gift from Okawaru
 33792 | D:13     | Reached skill level 5 in Dodging
 34668 | D:14     | Found a gate leading to a gauntlet.
 35088 | D:14     | Reached skill level 17 in Fighting
 35116 | D:13     | Received a gift from Okawaru
 35116 | D:13     | Found the +8 frozen axe "Frostbite" {freezing cloud, *Noise
                  | Fly rC+}
 36213 | D:15     | Entered Level 15 of the Dungeon
 36275 | D:15     | Found a runed translucent gate.
 36275 | D:15     | Found a runed translucent gate.
 36275 | D:15     | Found a runed translucent gate.
 36275 | D:15     | Noticed an azure jelly
 36277 | D:15     | Noticed Egithrirag's ghost (journeyman HOFi)
 36277 | D:15     | Noticed a rockslime
 36280 | D:15     | Found a viscous altar of Jiyva.
 36343 | D:15     | Received a gift from Okawaru
 36374 | D:15     | Noticed Nessos
 36379 | D:15     | Killed Nessos
 37622 | Lair:1   | Killed Gainor's ghost
 37634 | Lair:1   | Identified the +8 war axe of Cisex {speed, rElec}
 37700 | Lair:1   | You fall into a shaft and drop 1 floor!
 37769 | Snake:1  | Entered Level 1 of the Snake Pit
 37915 | Snake:1  | Received a gift from Okawaru
 38430 | Lair:3   | Killed Veysay's ghost
 38502 | Shoals:1 | Entered Level 1 of the Shoals
 39044 | Shoals:1 | Reached XP level 16. HP: 140/155 MP: 15/15
 39048 | Shoals:1 | Received a gift from Okawaru
 40938 | Shoals:2 | Received a gift from Okawaru
 41494 | Shoals:2 | Reached skill level 18 in Fighting
 43842 | Shoals:3 | Identified the +8 chain mail of Wepil {Str+5} (Okawaru
                  | gifted it to you on level 3 of the Shoals)
 43842 | Shoals:3 | Received a gift from Okawaru
 44061 | Shoals:4 | Entered Level 4 of the Shoals
 44613 | Shoals:4 | Identified the +1 scale mail "Afopn" {rC+ rN+ SInv}
 45107 | Shoals:4 | Identified the +4 rapier of the Lachrymose God {flame, rN+}
 45734 | Shoals:4 | Reached XP level 17. HP: 166/166 MP: 16/16
 45759 | Shoals:4 | Noticed Ilsuiw
 45934 | Shoals:3 | Reached skill level 19 in Fighting
 46358 | Elf:1    | Entered Level 1 of the Elven Halls
 46406 | Elf:1    | Identified the +11 mace "Wibloram" {vorpal, rElec rPois
                  | Str-2} (Okawaru gifted it to you on level 1 of the Elven
                  | Halls)
 46406 | Elf:1    | Received a gift from Okawaru
 46436 | Elf:1    | Noticed Azrael
 46450 | Elf:1    | Killed Azrael
 47000 | Elf:1    | Identified the +2 cloak "Aleteri" {Str+4 Dex+3} (Okawaru
                  | gifted it to you on level 1 of the Elven Halls)
 47000 | Elf:1    | Received a gift from Okawaru
 47414 | Elf:1    | Found Qanelot's Antique Armour Boutique.
 47418 | Elf:1    | Bought a distressingly furry buckler for 228 gold pieces
 47418 | Elf:1    | Identified the +0 buckler of Baruosy {Will- Dex+4 SInv}
                  | (You bought it in a shop on level 1 of the Elven Halls)
 47901 | Elf:2    | Found a runed translucent gate.
 47906 | Elf:2    | Found a runed translucent gate.
 47907 | Elf:2    | Found a runed translucent gate.
 48441 | Elf:2    | Reached skill level 20 in Fighting
 49289 | Elf:2    | Received a gift from Okawaru
 49474 | Elf:2    | Noticed a deep elf blademaster
 49484 | Elf:2    | Killed a deep elf blademaster
 49517 | Elf:2    | Cast into level 3 of the Abyss (+1 triple sword of
                  | distortion)
 49599 | Elf:2    | Escaped the Abyss
 50903 | D:15     | Received a gift from Okawaru
 50935 | D:15     | Received a gift from Okawaru
 51424 | D:15     | Found a staircase to the Depths.
 51812 | Snake:1  | Reached skill level 10 in Dodging
 52066 | Snake:1  | Noticed Aizul
 52076 | Snake:1  | Killed Aizul
 52209 | Snake:1  | Received a gift from Okawaru
 52307 | Snake:1  | Noticed Frances
 52318 | Snake:1  | Killed Frances
 52318 | Snake:1  | Identified the +5 morningstar of the Pyrrhic Victory
                  | {antimagic, Int+7 Dex-3} (Okawaru gifted it to you on level
                  | 1 of the Snake Pit)
 52318 | Snake:1  | Received a gift from Okawaru
 52319 | Snake:1  | Reached XP level 18. HP: 151/180 MP: 17/17
 53244 | Snake:1  | Got Suugon's Guide on the Traveller
 53663 | Snake:1  | Reached skill level 21 in Fighting
 53740 | Snake:2  | Noticed Kirke
 53751 | Snake:2  | Killed Kirke
 53780 | Snake:2  | Noticed Nikola
 53795 | Snake:2  | Killed Nikola
 53956 | Snake:2  | Noticed Saint Roka
 53973 | Snake:2  | Noticed Vashnia
 54674 | Snake:1  | Identified the +2 morningstar "Yvoecucw" {freeze, Int+2
                  | Dex+4} (Okawaru gifted it to you on level 1 of the Snake
                  | Pit)
 54674 | Snake:1  | Received a gift from Okawaru
 55127 | Snake:2  | Killed Saint Roka
 55530 | Snake:2  | Noticed Mlioglotl
 55541 | Snake:2  | Killed Mlioglotl
 55729 | Snake:2  | Killed Vashnia
 56407 | Snake:3  | Noticed Jorgrun
 56419 | Snake:3  | Killed Jorgrun
 56706 | Snake:3  | Identified the +9 shortbow of Powerful Expedience {flame,
                  | Int+6} (Okawaru gifted it to you on level 3 of the Snake
                  | Pit)
 56706 | Snake:3  | Received a gift from Okawaru
 56707 | Snake:3  | Reached skill level 15 in Shields
 56815 | Snake:3  | Noticed Louise
 56835 | Snake:3  | Killed Louise
 57636 | Snake:4  | Entered Level 4 of the Snake Pit
 57675 | Snake:4  | Found a flickering gateway to a bazaar.
 57718 | Bazaar   | Entered a bazaar
 57722 | Bazaar   | Found Fatsakev's Antique Weapon Shop.
 57733 | Bazaar   | Found Xioppigi's Antique Armour Emporium.
 57742 | Bazaar   | Found Maumn's Jewellery Boutique.
 57752 | Bazaar   | Found Wuonguent's Antique Armour Emporium.
 57968 | Snake:4  | Found Wesuddic's General Store.
 57972 | Snake:4  | Found Retz's Antique Armour Boutique.
 57972 | Snake:4  | Found Onecah's Distillery.
 58031 | Snake:4  | Found Urhegh's Jewellery Boutique.
 58043 | Snake:4  | Bought a potion of heal wounds for 90 gold pieces
 58043 | Snake:4  | Bought a potion of curing for 54 gold pieces
 58043 | Snake:4  | Bought a potion of curing for 54 gold pieces
 58750 | Snake:4  | HP: 7/184 [salamander tyrant (7)]
 58751 | Snake:4  | Identified the +1 scale mail "Joestaih" {rCorr Dex+9}
                  | (Okawaru gifted it to you on level 4 of the Snake Pit)
 58751 | Snake:4  | Received a gift from Okawaru
 58752 | Snake:4  | Killed from afar by a nagaraja

Illustrated notes

Levels and vault maps discovered:
D:1:      dpeg_arrival_long_road, layout_basic
D:2:      layout_basic
D:3:      minmay_bubble_buster, layout_basic, serial_aquarium,
          aquarium_bridge_straight [aquarium_subvault_bridge,
          aquarium_subvault_window, aquarium_subvault_bridge,
          aquarium_subvault_wall], aquarium_bridge_square
          [aquarium_subvault_bridge, aquarium_subvault_bridge,
          aquarium_subvault_bridge, aquarium_subvault_wall],
          aquarium_window_fake, aquarium_window_1, aquarium_window_1,
          aquarium_view_2d, aquarium_view_2e, aquarium_balcony_1b, minivault_14,
          minmay_bisected
D:4:      layout_basic, serial_glass, glass_columns_c, glass_columns_c,
          glass_columns_a, glass_columns_b
D:5:      layout_basic, lemuel_flame_loot_1, uniq_edmund, uniq_duvessa,
          uniq_menkaure, uniq_crazy_yiuf_cottage
D:6:      layout_basic, minmay_temple_entry_slanted, kennysheep_path_1,
          uniq_maggie, uniq_pikel
D:7:      layout_loops_ring, nicolae_overflow_hidden_temple, serial_shops,
          shop_statue
D:8:      cheibrodos_barr_body, layout_loops_corners
D:9:      layout_roguey
D:10:     layout_roguey, minmay_lair_entry_grove, erik_orc_1,
          nicolae_shop_overcharged_wands
D:11:     layout_cave_pods, bh_hangedman_babel_library
D:12:     layout_long_grid, nemelex_lonely_heart_becter
D:13:     layout_cave_pools, grunt_vaults_entry_fortified,
          grunt_decor_arrowhead, st_stairs_9, uniq_josephine
D:14:     layout_small_grid, gauntlet_entry_generic, minivault_26,
          kennysheep_generic_room_5
D:15:     grunt_enter_depths_snipers, layout_loops_ring, gammafunk_ghost_ooze,
          nicolae_splish_splash, uniq_nessos
Temple:   mainiacjoe_temple_hex_bubbles
Lair:1:   layout_loops_ring, ebering_ghost_disaster_area,
          chequers_serial_rivers_micro_c, uniq_urug
Lair:2:   layout_cave_pods, minmay_snake_entry_six_corridors
Lair:3:   layout_gridlike, elwin_shoals_entry_rooms,
          ebering_ghost_disaster_area, st_stairs_8, minmay_lair_oklob_items,
          chequers_serial_rivers_large_b, kennysheep_abandoned_house
Lair:4:   beast_lair_carwin_large_4, layout_cave_pods, minmay_hedge_maze,
          gammafunk_lair_bear_cave, uniq_snorg
Lair:5:   layout_regular_city, slime_dummy, hangedman_lair_unloving_vines,
          hibernation_bobbens
Lair:6:   hangedman_lair_tendril_chambers, layout_misc_corridors,
          grunt_megastairs_1
Shoals:1: layout_shoals
Shoals:2: layout_shoals, nicolae_shoals_beach_house_on_fowls_legs
Shoals:3: layout_shoals, hangedman_shoals_cup_caves
Shoals:4: shoals_end_grunt_ice, layout_shoals, shoal_ilsuiw
Snake:1:  layout_chambers, library_closet, uniq_frances, uniq_aizul
Snake:2:  layout_concentric_octagons, uniq_vashnia, uniq_mlioglotl, uniq_kirke,
          uniq_saint_roka, uniq_nikola
Snake:3:  layout_cave_pods, uniq_louise, uniq_jorgrun
Snake:4:  hellmonk_snake_rune_quicksilver_temple, layout_rooms, serial_shops,
          freezing_bzr, minmay_shoptagon
Orc:1:    layout_caves
Orc:2:    st_orc_mages, layout_diamond_mine, serial_shops, nicolae_square_shop
Elf:1:    elf_arrival_001, layout_geoelf_octagon, serial_shops, shop,
          hangedman_elf_represent, uniq_azrael
Elf:2:    elven_hall_of_blades_hangedman_original [mumra_blade_entry_bloodbath],
          layout_onion_city, minmay_misc_feat_alley, st_stairs_2

Skill      XL: |  1  2  3  4  5  6  7  8  9 10 11 12 13 14 15 16 17 18 |
---------------+-------------------------------------------------------+-----
Maces & Flails | 3 4 5 6 7 9 10 12 13 14 15 16 17 | 17.2
Throwing       | 1 2 3 5 7 9 10 11 12 | 12.4
Fighting       | 5 7 9 11 13 14 16 17 18 20 21 | 21.9
Armour         | 5 7 10 12 14 15 16 17 18 19 | 19.8
Shields        | 4 5 6 7 8 9 10 12 13 15 | 15.6
Evocations     | 2 |  2.5
Dodging        | 4 6 8 10 11 | 11.2
Invocations    | |  0.3

Action                   |  1- 3 |  4- 6 |  7- 9 | 10-12 | 13-15 | 16-18 || total
-------------------------+-------+-------+-------+-------+-------+-------++-------
Melee: Flail             |    34 |       |     1 |       |       |       ||    35
       Headbutt          |     7 |    10 |    39 |   131 |   291 |   348 ||   826
       Mace              |    20 |    65 |   163 |   519 |  1000 |  1197 ||  2964
Throw: Boomerang         |       |    13 |     7 |    53 |   117 |   291 ||   481
       Dart              |       |       |       |     2 |     7 |       ||     9
Invok: Heroism           |       |       |       |       |       |     5 ||     5
Evoke: Wand              |       |       |    22 |    40 |    28 |    36 ||   126
  Use: Scroll            |     5 |     9 |     6 |    12 |    13 |    21 ||    66
       Potion            |       |     3 |     1 |    11 |    12 |    13 ||    40
 Stab: Distracted        |       |       |       |     3 |    10 |    11 ||    24
       Confused          |       |       |       |     1 |       |       ||     1
Armor: Scale mail        |    21 |    14 |       |       |       |       ||    35
       Plate armour      |       |    29 |    68 |   331 |   764 |   881 ||  2073
Dodge: Dodged            |    34 |    33 |    44 |   185 |   409 |   577 ||  1282
Block: Buckler           |    12 |    10 |    31 |   141 |   369 |   648 ||  1211

Table legend: (Time is in decaauts)
 A = Elapsed time spent in this place.
 B = Non-inter-level travel time spent in this place.
 C = Inter-level travel time spent in this place.
 D = Time resting spent in this place.
 E = Time spent auto-exploring this place.
 F = Levels seen in this place.
 G = Mean time per level.
                   A        B        C        D        E       F      G
               +--------+--------+--------+--------+--------+-----+--------+
         Total |  58541 |  55512 |   3029 |  19633 |   9186 |  36 | 1626.1 |
       Dungeon |  22384 |  21012 |   1372 |   6334 |   5246 |  15 | 1492.3 |
        Temple |     90 |     52 |     38 |      0 |     44 |   1 |   90.0 |
          Lair |  13978 |  13248 |    730 |   4280 |   2539 |   6 | 2329.7 |
        Shoals |   7785 |   7591 |    194 |   4006 |      0 |   4 | 1946.2 |
     Snake Pit |   6948 |   6538 |    410 |   2455 |    864 |   4 | 1737.0 |
  Orcish Mines |   3667 |   3649 |     18 |   1240 |    223 |   2 | 1833.5 |
   Elven Halls |   3545 |   3278 |    267 |   1304 |    270 |   2 | 1772.5 |
         Abyss |     78 |     78 |      0 |     13 |      0 |   1 |   78.0 |
        Bazaar |     62 |     62 |      0 |      0 |      0 |   1 |   62.0 |
               +--------+--------+--------+--------+--------+-----+--------+

Top non-repeatable levels by time:
    D:10: 3869 daAuts
 Snake:1: 3098 daAuts
  Lair:5: 2739 daAuts
  Lair:3: 2639 daAuts
  Lair:2: 2633 daAuts
  Lair:4: 2601 daAuts
    D:14: 2507 daAuts
Shoals:3: 2371 daAuts
   Orc:2: 2183 daAuts
Shoals:1: 2119 daAuts
     D:8: 1999 daAuts
   Elf:2: 1985 daAuts
    D:13: 1885 daAuts
Shoals:4: 1813 daAuts
  Lair:1: 1782 daAuts
